 Dungeon Crawl Stone Soup version 0.29.1-1-gd02db6906a (webtiles) character file.

Game seed: 4686155517180418748

902 Ashen the Chiller (level 7, -3/52 HPs)
             Began as a Demonspawn Ice Elementalist on Sept 16, 2022.
             Shot with an arrow by a centaur (9 damage)
             ... on level 5 of the Dungeon.
             The game lasted 00:07:21 (5324 turns).

Ashen the Chiller (Demonspawn Ice Elementalist)     Turns: 5324, Time: 00:07:21

Health: -3/52      AC:  0    Str:  9    XL:     7   Next: 80%
Magic:  12/13      EV: 20    Int: 18    God:
Gold:   306        SH:  0    Dex: 13    Spells: 7/14 levels left

rFire   . . .      SeeInvis .   l - +1 short sword (elec)
rCold   . . .      Faith    .   (no shield)
rNeg    . . .      Spirit   .   a - +0 robe
rPois   .          Reflect  .   (helmet restricted)
rElec   .          Harm     .   e - +0 cloak
rCorr   .          Rampage  .   (no gloves)
Will    .....                   t - +0 pair of boots
Stlth   +++.......              (no amulet)
HPRegen 0.17/turn               s - +4 ring of evasion
MPRegen 0.13/turn               (no ring)

@: corroded
A: horns 2, repulsion field 2, spiny 1
a: no special abilities


You were on level 5 of the Dungeon.
You visited 1 branch of the dungeon, and saw 5 of its levels.

You collected 306 gold pieces.

Inventory:

Hand Weapons
 i - a +0 rapier
 l - a +1 short sword of electrocution (weapon)
Armour
 a - a +0 robe (worn)
 e - a +0 cloak (worn)
 t - a +0 pair of boots (worn)
Jewellery
 s - a +4 ring of evasion (left hand)
Scrolls
 c - a scroll of noise {unknown}
 d - 7 scrolls of identify {unknown}
 f - 5 scrolls of teleportation {unknown}
 h - a scroll of vulnerability {unknown}
 j - 3 scrolls of blinking {unknown}
 m - 2 scrolls of immolation {unknown}
 o - 2 scrolls of silence {unknown}
 p - 3 scrolls of fog {unknown}
 q - 2 scrolls of summoning {unknown}
Potions
 b - 2 potions of magic
 g - a potion of cancellation {unknown}
 k - a potion of haste {unknown}
 n - a potion of lignification {unknown}
 r - 4 potions of curing
 u - 2 potions of mutation {unknown}
 v - a potion of brilliance {unknown}
 w - a potion of degeneration {unknown}


   Skills:
 + Level 3.3 Fighting
 + Level 4.0 Dodging
 + Level 4.3 Stealth
 + Level 4.1 Spellcasting
 + Level 5.1 Ice Magic


You had 7 spell levels left.
You knew the following spells:

 Your Spells              Type           Power      Damage    Failure   Level
a - Freeze                Ice            88%        1d10      1%          1
b - Frozen Ramparts       Ice            44%        1d7       5%          3
c - Ozocubu's Armour      Ice            22%        N/A       5%          3

Your spell library contained the following spells:

 Spells                   Type           Power      Damage    Failure   Level
 Sublimation of Blood     Necr           3%         N/A       22%         2
 Wereblood                Tmut           3%         N/A       22%         2
 Gell's Gravitas          Tloc           3%         N/A       41%         3
 Lesser Beckoning         Tloc           3%         N/A       41%         3
 Portal Projectile        Hex/Tloc       6%         N/A       41%         3
 Teleport Other           Tloc           3%         N/A       41%         3
 Tukima's Dance           Hex            3%         N/A       41%         3
 Hailstorm                Conj/Ice       13%        3d5       45%         4
 Corpse Rot               Necr/Pois/Air  3%         N/A       82%         4
 Olgreb's Toxic Radiance  Pois           3%         N/A       82%         4
 Blade Hands              Tmut           1%         N/A       99%         5
 Haunt                    Necr/Summ      1%         N/A       100%        7
 Malign Gateway           Summ/Tloc      1%         N/A       100%        7
 Ozocubu's Refrigeration  Ice            11%        4d9       100%        7
 Summon Hydra             Summ           1%         N/A       100%        7
 Ignition                 Fire           1%         3d3       100%        8
 Necromutation            Tmut/Necr      1%         N/A       100%        8
 Summon Horrible Things   Summ           1%         N/A       100%        8


Dungeon Overview and Level Annotations

Branches:
Dungeon (5/15)
 Temple: D:4-7

Altars:
Ashenzari
Makhleb
Nemelex Xobeh
Trog
Xom

Shops:
D:3 *   D:5 [


Innate Abilities, Weirdness & Mutations

You have a pair of horns on your head.
You are surrounded by a moderate repulsion field. (EV +3)
You are partially covered in sharp spines.


Message History

You barely miss the phantom. Your headbutt misses the phantom.
The phantom is severely damaged.
The phantom closely misses you.
You closely miss the phantom. Your headbutt misses the phantom.
The phantom is severely damaged.
The phantom hits you but does no damage.
You barely miss the phantom.
The phantom is severely damaged.
The phantom closely misses you.
You completely miss the phantom. Your headbutt misses the phantom.
You punch the phantom.
The phantom is severely damaged.
The phantom completely misses you.
You hit the phantom. Lightning courses through the phantom!!
You destroy the phantom!
Your Dodging skill increases to level 4!
Your icy armour starts to melt.
Your icy armour evaporates.
Found a glowing golden altar of the Shining One.
You now have 306 gold pieces (gained 11).
There is an open door, spattered with blood here.
A centaur and an acid dragon come into view.
The acid dragon roars!
The centaur wields a +0 shortbow.
The centaur shoots an arrow.
The arrow closely misses you. The acid dragon spits acid at you.
The splash of acid hits you!! The acid corrodes you!
The centaur shoots an arrow.
The arrow completely misses you.
Casting: Ozocubu's Armour (dangerous; 5% risk of failure)
Confirm with . or Enter, or press ? or * to list all spells.
Aiming: Freeze (safe; 1% risk of failure)
Press: ? - help, Shift-Dir - straight line, f - acid dragon
Aim: an acid dragon You freeze the acid dragon!
The acid dragon is moderately wounded.
The acid dragon spits acid at you. The splash of acid hits you!!
* * * LOW HITPOINT WARNING * * *
The centaur shoots an arrow.
The arrow hits you!
You die...

.....###.#..#......#......# #[..
....## ###....######.....######..
..#.# #...##### ###..###..###.
.#.># #..## #.#####.###....###
.#.## #.#####.##....##.)....##
.#.###########......##...........
........# ###.....######.........
...###### #..............########
#### #.....@.######## #.....D.#
#...c...# #.......# #.......#
#########


You could see an acid dragon (catching breath) and a centaur.

Vanquished Creatures
  A water moccasin (D:5)
  A black bear (D:5)
  An ogre (D:5)
  A phantom (D:5)
  A necrophage (D:5)
  A scorpion (D:4)
  4 hounds
  A gnoll bouda (D:4)
  An iguana (D:5)
  4 gnolls (D:4)
  14 adders
  4 worms
  A dart slug (D:4)
  3 orcs
  3 bats
  5 endoplasms
  2 giant cockroaches
  3 goblins
  7 hobgoblins
  12 kobolds
  7 quokkas
  8 ball pythons
  4 frilled lizards
  8 rats
97 creatures vanquished.

Notes
Turn   | Place    | Note
-------+----------+-------------------------------------------
     0 | D:1      | Ashen the Demonspawn Ice Elementalist began the quest for
                  | the Orb.
     0 | D:1      | Reached XP level 1. HP: 13/13 MP: 3/3
   514 | D:1      | Gained mutation: You are surrounded by a mild repulsion
                  | field. (EV +2) [demonic ancestry]
   514 | D:1      | Reached XP level 2. HP: 19/19 MP: 5/5
  1224 | D:2      | Gained mutation: You have a pair of small horns on your
                  | head. [demonic ancestry]
  1224 | D:2      | Reached XP level 3. HP: 24/24 MP: 6/6
  1269 | D:2      | Found a sparkling altar of Nemelex Xobeh.
  1879 | D:3      | Found a faded altar of an unknown god.
  2043 | D:3      | Learned a level 3 spell: Frozen Ramparts
  2047 | D:3      | Learned a level 3 spell: Ozocubu's Armour
  2062 | D:3      | Found a broken altar of Ashenzari.
  2116 | D:3      | Found Nichadgh's Assorted Antiques.
  2132 | D:3      | Reached skill level 4 in Ice Magic
  2132 | D:3      | Gained mutation: You have a pair of horns on your head.
                  | [demonic ancestry]
  2132 | D:3      | Reached XP level 4. HP: 30/30 MP: 4/7
  2193 | D:3      | Got the Parchment of the Mutagenic Mausoleum
  2876 | D:4      | Noticed a scorpion
  3177 | D:4      | Reached skill level 1 in Fighting
  3193 | D:4      | Reached XP level 5. HP: 25/37 MP: 1/9
  3845 | D:4      | Gained mutation: You are surrounded by a moderate repulsion
                  | field. (EV +3) [demonic ancestry]
  3845 | D:4      | Reached XP level 6. HP: 44/44 MP: 10/10
  4003 | D:4      | Found a sparkling altar of Nemelex Xobeh.
  4335 | D:4      | Found a burning altar of Makhleb.
  4465 | D:4      | Found a shimmering altar of Xom.
  4467 | D:4      | Found a bloodstained altar of Trog.
  4502 | D:5      | Entered Level 5 of the Dungeon
  4555 | D:5      | Noticed a water moccasin
  4567 | D:5      | Killed a water moccasin
  4597 | D:5      | Gained mutation: You are partially covered in sharp spines.
                  | [demonic ancestry]
  4597 | D:5      | Reached XP level 7. HP: 48/51 MP: 0/12
  4895 | D:5      | Found Margaret's Dragon-Slaying Spoils.
  5039 | D:5      | Reached skill level 5 in Ice Magic
  5324 | D:5      | Shot with an arrow by a centaur

Illustrated notes

Levels and vault maps discovered:
D:1:      heliophobic_arrival_henge, layout_basic, serial_glass,
          glass_columns_c, glass_columns_a, minmay_strange_pillars,
          minmay_strange_pillars, item_on_display_a, due_unseen_surprise
D:2:      layout_basic, basic_altar
D:3:      layout_loops_ring, nicolae_ashenzari_skybound,
          dreamdust_ecumenical_altar_grove, serial_shops, shop,
          minmay_misc_feat_enclosed
D:4:      layout_basic, nemelex_spade_bored_becter,
          gammafunk_temple_overflow_statue, makhleb_blood_cavern_becter,
          kennysheep_minor_cross, minmay_snake_closets
D:5:      layout_rooms, nicolae_tso_swordbearing_angel, minivault_19,
          nicolae_shop_dragon_depot

Skill      XL: |  1  2  3  4  5  6  7 |
---------------+----------------------+-----
Dodging        | 2 3 4 |  4.0
Stealth        | 2 3 4 |  4.3
Ice Magic      | 4 5 |  5.1
Fighting       | 1 2 3 |  3.3
Spellcasting   | 3 4 |  4.1

Action                   |  1- 3 |  4- 6 |  7- 9 || total
-------------------------+-------+-------+-------++-------
Melee: Unarmed           |    14 |       |       ||    14
       Rapier            |     5 |       |       ||     5
       Punch             |     1 |       |     1 ||     2
       Short sword       |    56 |    64 |    31 ||   151
       Headbutt          |     4 |     4 |     5 ||    13
 Cast: Freeze            |    26 |    39 |    15 ||    80
       Frozen Ramparts   |       |     6 |       ||     6
       Ozocubu's Armour  |       |     2 |     2 ||     4
 Stab: Sleeping          |     5 |     9 |     1 ||    15
Armor: Robe              |    19 |    17 |    10 ||    46
Dodge: Dodged            |    64 |    88 |    48 ||   200
